 Dungeon Crawl Stone Soup version 0.29.0-4-gdea44cf6ec (webtiles) character file.

Game seed: 18392919169064648586

62 qw the Chopper (level 4, -4/36 HPs)
             Began as a Barachi Chaos Knight on Sept 7, 2022.
             Slain by an ice devil (7 damage)
             ... summoned by Xom
             ... on level 2 of the Dungeon.
             The game lasted 00:00:42 (1178 turns).

qw the Chopper (Barachi Chaos Knight)               Turns: 1178, Time: 00:00:43

Health: -4/36      AC: -10   Str: 15      XL:     4   Next: 8%
Magic:  4/4        EV: 10    Int: 10 (13) God:
Gold:   94         SH:  0    Dex: 11      Spells: 3/3 levels left

rFire   . . .      SeeInvis .   Y - +2 hand axe (drain)
rCold   . . .      Faith    .   (no shield)
rNeg    . . .      Spirit   .   h - +0 ring mail
rPois   .          Reflect  .   (no helmet)
rElec   .          Harm     .   (no cloak)
rCorr   .          Rampage  .   (no gloves)
Will    .....                   (no boots)
Stlth   +.........              (no amulet)
HPRegen 0.12/turn               (no ring)
MPRegen 0.09/turn               (no ring)

@: corroded, slow
A: amphibious, slowness 1, strong legs 1, +LOS
a: Hop


You were on level 2 of the Dungeon.
You visited 1 branch of the dungeon, and saw 2 of its levels.

You collected 94 gold pieces.


Innate Abilities, Weirdness & Mutations

You are amphibious.
You cover ground slowly.
You can hop short distances.
You have an extended range of vision and can be seen from far away.


   Skills:
 - Level 3.6 Fighting
 + Level 5.3 Axes
 - Level 2.4 Armour
 - Level 1.1 Dodging


You had 3 spell levels left.
You didn't know any spells.
Your spell library was empty.

Inventory:

Hand Weapons
 j - a +0 mace
 Y - a +2 hand axe of draining (weapon)
Armour
 h - a +0 ring mail (worn)
Jewellery
 b - a ring of see invisible
Scrolls
 e - a scroll of identify
 f - 2 scrolls of vulnerability {unknown}
Potions
 a - a potion of haste {unknown}
 d - a potion of invisibility {unknown}
 g - a potion of curing {unknown}
Miscellaneous
 c - a piece from Xom's chessboard (15/15)

Dungeon Overview and Level Annotations

Branches:
Dungeon (2/15)

Altars:


Message History

You see here 6 stones.
Found a stone staircase leading up.
Enter note:
Enter note: You see here a hobgoblin skeleton.
Found a leather armour.
Enter note: You see here a +0 leather armour.
Found a stone staircase leading down.
Enter note: A ball python comes into view.
Found an escape hatch in the ceiling.
The ball python hisses angrily.
The ball python completely misses you. The ball python grabs you.
The ball python constricts you.
You hear Xom's maniacal laughter.
You closely miss the ball python. You closely miss the crimson imp.
You hit the rust devil but do no damage.
The ball python bites you but does no damage.
The ball python constricts you.
You closely miss the ball python. Your punch misses the ball python.
You hit the crimson imp.
You hit the rust devil but do no damage.
The ball python bites you. The ball python constricts you.
The rust devil hits you. The rust devil corrodes you! The crimson imp hits you.
You closely miss the ball python.
You hit the crimson imp but do no damage.
You hit the rust devil but do no damage.
The ball python bites you. The ball python constricts you.
The rust devil hits you! The rust devil corrodes you!
The ball python loses its grip on you.
The crimson imp picks up a beetle and eats it.
The crimson imp blinks!
You hit the rust devil but do no damage.
You hit the ice devil but do no damage. The rust devil hits you!
The rust devil corrodes you!
You barely miss the rust devil. You hit the ice devil but do no damage.
You hit the white imp. The rust devil hits you! The rust devil corrodes you!
The ice devil hits you!
You die...

.........#....##...<....
.........%....##.......
............._##......
..............##..... .
..............##.... #..
.............###... ...
........#....###5S ..
........#...##544#####.#
.......##...# #@55....#
.......#...## ###..#####
########...# ##..5..#
#....# #####...# ##...##
#.......# #....#
#.###......# #....# #.#
..#.#....> #....#
#.#........#.# #....#
#.#####.#### .


You could see an ice devil (summoned), a rust devil (summoned), an iron imp
(summoned), 2 crimson imps, a white imp (summoned), an ufetubus (summoned) and a
ball python.

Vanquished Creatures
  3 adders (D:2)
  A worm (D:2)
  A dart slug (D:2)
  3 endoplasms (D:1)
  2 giant cockroaches (D:1)
  2 goblins
  2 hobgoblins
  A kobold (D:1)
  4 ball pythons
  5 bats
  4 frilled lizards
  5 rats (D:1)
33 creatures vanquished.

Notes
Turn   | Place    | Note
-------+----------+-------------------------------------------
     0 | D:1      | qw the Barachi Chaos Knight began the quest for the Orb.
     0 | D:1      | Reached XP level 1. HP: 18/18 MP: 1/1
     0 | D:1      | 0 ||| qw: Version: 0.1-a-108-g9e35731
     0 | D:1      | 0 ||| qw: Game counter: 6542
     0 | D:1      | 0 ||| qw: Always use a shield: true
     0 | D:1      | 0 ||| qw: God list: Okawaru
     0 | D:1      | 0 ||| qw: Allow faded altars: false
     0 | D:1      | 0 ||| qw: Do Orc after D:15 true
     0 | D:1      | 0 ||| qw: Do second Lair branch before Depths: true
     0 | D:1      | 0 ||| qw: Lair rune preference: random
     0 | D:1      | 0 ||| qw: Plans: Normal
     0 | D:1      | 0 ||| PLANNING D:1-11
     0 | D:1      | Fell from the grace of Xom
    34 | D:1      | 34 ||| Stepping ~*~*~tactically~*~*~ (stealth).
    35 | D:1      | 35 ||| Stepping ~*~*~tactically~*~*~ (stealth).
    37 | D:1      | 37 ||| Stepping ~*~*~tactically~*~*~ (stealth).
    41 | D:1      | 41 ||| Stepping ~*~*~tactically~*~*~ (stealth).
    42 | D:1      | 42 ||| Stepping ~*~*~tactically~*~*~ (stealth).
    43 | D:1      | 43 ||| Stepping ~*~*~tactically~*~*~ (stealth).
    63 | D:1      | 63 ||| Stepping ~*~*~tactically~*~*~ (stealth).
    72 | D:1      | Reached XP level 2. HP: 24/24 MP: 2/2
   103 | D:1      | 103 ||| SWAPPING to +2 hand axe of draining.
   104 | D:1      | 104 ||| DROPPING +0 hand axe of chaos.
   107 | D:1      | 107 ||| Stepping ~*~*~tactically~*~*~ (stealth).
   110 | D:1      | 110 ||| Stepping ~*~*~tactically~*~*~ (stealth).
   111 | D:1      | 111 ||| Stepping ~*~*~tactically~*~*~ (stealth).
   113 | D:1      | Reached skill level 4 in Axes
   378 | D:1      | 378 ||| Stepping ~*~*~tactically~*~*~ (stealth).
   390 | D:1      | 390 ||| Stepping ~*~*~tactically~*~*~ (stealth).
   411 | D:1      | 411 ||| Stepping ~*~*~tactically~*~*~ (stealth).
   412 | D:1      | 412 ||| Stepping ~*~*~tactically~*~*~ (stealth).
   413 | D:1      | 413 ||| Stepping ~*~*~tactically~*~*~ (stealth).
   464 | D:1      | 464 ||| Stepping ~*~*~tactically~*~*~ (stealth).
   543 | D:1      | 543 ||| Stepping ~*~*~tactically~*~*~ (stealth).
   544 | D:1      | 544 ||| Stepping ~*~*~tactically~*~*~ (stealth).
   545 | D:1      | 545 ||| Stepping ~*~*~tactically~*~*~ (stealth).
   548 | D:1      | 548 ||| Stepping ~*~*~tactically~*~*~ (stealth).
   577 | D:1      | 577 ||| DROPPING orb of mayhem.
   578 | D:1      | 578 ||| UPGRADING to +0 ring mail.
   588 | D:1      | 588 ||| DROPPING +2 leather armour.
   589 | D:1      | 589 ||| READING 2 scrolls labelled WOIPACL YZEECA.
   590 | D:1      | 590 ||| READING 2 scrolls labelled QOSIATETE.
   591 | D:1      | 591 ||| DROPPING scroll of noise.
   615 | D:1      | XOM: draining
   647 | D:2      | XOM: confusion
   648 | D:2      | Reached XP level 3. HP: 24/25 MP: 3/3
   744 | D:2      | Found a faded altar of an unknown god.
   749 | D:2      | 749 ||| Stepping ~*~*~tactically~*~*~ (stealth).
   751 | D:2      | 751 ||| Stepping ~*~*~tactically~*~*~ (hiding).
   759 | D:2      | Reached skill level 5 in Axes
   860 | D:2      | XOM: stat loss: -3 Int (9/12)
   959 | D:2      | Reached XP level 4. HP: 31/36 MP: 4/4
  1173 | D:2      | XOM: summons 7 hostile demons
  1174 | D:2      | Noticed a rust devil
  1174 | D:2      | Noticed an ice devil
  1178 | D:2      | HP: 3/36 [rust devil[Xom] (7)]
  1178 | D:2      | Slain by an ice devil

Levels and vault maps discovered:
D:1:      grunt_arrival_lava_bath, layout_rooms
D:2:      layout_basic, hellmonk_ecumenical_altar_zigzags

Skill      XL: |  1  2  3 |
---------------+----------+-----
Axes           | 4 5 |  5.3
Fighting       | |  3.6
Armour         | |  2.4
Dodging        | |  1.1

Action                   |  1- 3 |  4- 6 || total
-------------------------+-------+-------++-------
Melee: Hand axe          |    86 |     6 ||    92
       Punch             |     1 |       ||     1
Invok: Renounce Religion |     1 |       ||     1
  Use: Scroll            |     2 |       ||     2
Armor: Leather armour    |    18 |       ||    18
       Ring mail         |    13 |     2 ||    15
Dodge: Dodged            |    59 |     1 ||    60

Table legend:
 A = Non-vault XP
 B = Vault XP
 C = Vault XP percentage of total XP
 D = Non-vault monster count
 E = Vault monster count
 F = Vault count percentage of total count
                 A         B        C        D         E       F
            +---------+---------+-------+---------+---------+-------
      Total |      89 |       0 |   0.0 |      33 |       0 |   0.0
            +---------+---------+-------+---------+---------+-------
        D:1 |      33 |       0 |   0.0 |      23 |       0 |   0.0
        D:2 |      56 |       0 |   0.0 |      10 |       0 |   0.0
            +---------+---------+-------+---------+---------+-------
